 Dungeon Sprint DCSS version 0.26-a0-660-gc07710193c (webtiles) character file.

Game seed: 13978732182196466878

73599 olmar the Hoplite (level 15, -18/115 HPs)
             Began as a Gargoyle Fighter on Oct 8, 2020.
             Was an Initiate of Gozag.
             Killed from afar by a deep elf annihilator (81 damage)
             ... with a crystal spear
             ... in the Dungeon (Sprint VII: "The Pits").
             The game lasted 00:21:57 (4917 turns).

olmar the Hoplite (Gargoyle Fighter)                Turns: 4917, Time: 00:21:58

Health: -18/115    AC: 54    Str: 34    XL:     15   Next: 43%
Magic:  5/15       EV: 13    Int: 11    God:    Gozag
Gold:   1104       SH: 20    Dex: 13    Spells: 14/14 levels left

rFire    + . .     SeeInvis +   D - +3 demon whip (freeze)
rCold    + + .     Faith    .   c - +0 kite shield
rNeg     + . .     Spirit   .   C - +14 plate armour of the Hot Ocelot {rC+}
rPois    ∞         Reflect  .   l - +2 hat {SInv}
rElec    +         Harm     .   k - scarf {rC+ rF+}
rCorr    .         Rampage  +   i - +1 pair of gloves of the Lost Path {Rampage rPois}
MR       +....     NoTele   +   s - +0 pair of boots
Stlth    ..........             a - amulet of regeneration
HPRegen  0.69/turn              q - ring of Dafejon {AC+4 Str+4 Int+2 Dex+4}
MPRegen  0.14/turn              v - ring of Incredulity {EV+4 Str+6 Int-2 SInv}

@: gold aura, slowed, studying Short Blades, very slow
A: big wings, blurry vision 1, negative energy resistance 1, electricity
resistance, unbreathing, petrification resistance, rot immunity, AC +11
a: Fly, Potion Petition, Call Merchant, Bribe Branch, Renounce Religion


You were in the Dungeon.
You worshipped Gozag.
Gozag was most pleased with you.
You visited 1 branch You collected 14624 gold pieces.
You spent 4371 gold pieces at shops.
You paid 9149 gold pieces to Gozag.

Inventory:

Hand Weapons
 p - a +1 vorpal flail
 A - a +1 morningstar of holy wrath
 D - a +3 demon whip of freezing (weapon)
Armour
 c - a +0 kite shield (worn)
 i - the +1 pair of gloves of the Lost Path (worn) {Rampage rPois}
   (You found it in the Dungeon)

   It protects you from poison.
   It bestows one free step when moving towards enemies.
 k - a scarf of resistance (worn)
 l - a +2 hat of see invisible (worn)
 s - a +0 pair of boots (worn)
 C - the +14 plate armour of the Hot Ocelot (worn) {rC+}
   (You bought it in a shop in the Dungeon)

   It protects you from cold.
Jewellery
 a - an amulet of regeneration (around neck)
 q - the ring of Dafejon (left hand) {AC+4 Str+4 Int+2 Dex+4}
   (You bought it in a shop in the Dungeon)

   [ring of protection]

   It affects your AC (+4).
   It affects your strength (+4).
   It affects your intelligence (+2).
   It affects your dexterity (+4).
 v - the ring of Incredulity (right hand) {EV+4 Str+6 Int-2 SInv}
   (You bought it in a shop in the Dungeon)

   [ring of evasion]

   It affects your evasion (+4).
   It affects your strength (+6).
   It affects your intelligence (-2).
   It lets you see invisible.
Scrolls
 b - 4 scrolls of enchant weapon
 m - 5 scrolls of remove curse
 n - 5 scrolls of amnesia
 o - a scroll of summoning
 x - a scroll of fear
 y - 4 scrolls of identify
 z - 2 scrolls of enchant armour
Potions
 d - a potion of might
 e - 12 potions of curing
 f - a potion of heal wounds
 g - 4 potions of haste
 h - 4 potions of magic
 t - 2 potions of brilliance
 w - 2 potions of stabbing
Books
 F - a manual of Short Blades
Miscellaneous
 E - a tin of tremorstones (3/3)
 G - a phial of floods


   Skills:
 + Level 21.4 Fighting
 + Level 20.7 Maces & Flails
 + Level 18.3 Armour
 + Level 26.4 Shields
 - Level 0.1 Evocations


You had 14 spell levels left.
You didn't know any spells.
Your spell library contained the following spells:

 Spells                   Type           Power        Failure   Level
 Sting                    Tmut/Pois      #...         80%         1
 Poisonous Vapours        Pois/Air       #.....       90%         2
 Ignite Poison            Fire/Tmut/Pois #.......     99%         3
 Mephitic Cloud           Conj/Pois/Air  #.......     99%         3
 Alistair's Intoxication  Tmut/Pois      #........    100%        5
 Summon Demon             Summ           #.........   100%        5
 Summon Forest            Summ/Tloc      #.........   100%        5
 Summon Mana Viper        Hex/Summ       #.......     100%        5
 Shadow Creatures         Summ           N/A          100%        6
 Summon Hydra             Summ           #.........   100%        7
 Chain Lightning          Conj/Air       #.........   100%        8
 Lehudib's Crystal Spear  Conj/Erth      #.........   100%        8
 Absolute Zero            Ice            #.........   100%        9
 Fire Storm               Conj/Fire      #.........   100%        9


Dungeon Overview and Level Annotations

Branches:
Dungeon (1/1)

Altars:
Ashenzari
Cheibriados
Dithmenos
Elyvilon
Fedhas
Gozag
Hepliaklqana
Kikubaaqudgha
Makhleb
Nemelex Xobeh
Okawaru
Qazlal
Ru
Sif Muna
Trog
Uskayaw
Vehumet
Wu Jian
Xom
Yredelemnul
Zin
The Shining One
Beogh
Jiyva
Lugonu

Shops:
D =[(*(=*


Innate Abilities, Weirdness & Mutations

You are resistant to torment.
Your stone body is resilient. (AC +11)
You are immune to poison.
Your large and strong wings let you fly indefinitely.
You resist negative energy. (rN+)
You are resistant to electric shocks. (rElec)
You can survive without breathing.
You are immune to petrification.
You are immune to rotting.
Scrolls take you a little longer to read.


Message History

The deep elf high priest shoots an arrow.
The arrow misses you.
The deep elf death mage beckons forth a restless soul!
The deep elf annihilator casts a spell at you.
The iron shot hits you!!
* * * LOW HITPOINT WARNING * * *
Unknown command.
Okay, then.
Really read with blurry vision while enemies are nearby?
Okay, then.
Unknown command.
You feel much better.
The deep elf high priest shoots an arrow.
The arrow misses you.
The deep elf death mage beckons forth a restless soul!
The deep elf annihilator gestures at you while chanting.
The crystal spear hits you!!!!
Ouch! That really hurt!
You die...
Your body crumbles into a pile of gold.

##....####..#.....#..#
(#....#((#..#[[#[[#..#
(##..##(('..#[[#[[#..#
###################''#
######''# # #....($)#
# #...#..e$.# # .
##$(..# # #@e...# #
#...G.....# #
##..e*#...# #
#....###..# # ......
...# # ....... ..## #
....#.. ## # ...###. #


You could see a deep elf annihilator (empowered), a deep elf death mage
(empowered), a deep elf high priest (brilliance aura), an eye of draining and a
lost soul (summoned).

Vanquished Creatures
  A pandemonium lord (D)
  A Brimstone Fiend (D)
  A lich (D)
  A deep elf blademaster (D)
  2 sphinxes (D)
  Gastronok (D)
  A storm dragon (D)
  A nagaraja (D)
  A frost giant (D)
  A deep elf sorcerer (D)
  An emperor scorpion (D)
  2 orc warlords (D)
  Nessos (D)
  A vampire knight (D)
  A black draconian (D)
  3 white draconians (D)
  A yellow draconian (D)
  A minotaur (D)
  A green death (D)
  An eidolon (D)
  A deep elf death mage (D)
  A great orb of eyes (D)
  2 yaktaur captains (D)
  3 deep elf high priests (D)
  An ogre mage (D)
  A boulder beetle (D)
  3 naga warriors (D)
  Harold (D)
  An anaconda (D)
  3 death yaks (D)
  An alligator (D)
  2 two-headed ogres (D)
  A vampire mage (D)
  3 hell hogs (D)
  2 naga sharpshooters (D)
  A spriggan (D)
  A deep elf knight (D)
  2 unseen horrors (D)
  A necromancer (D)
  2 wizards (D)
  10 orc knights (D)
  3 deep elf magi (D)
  An orc sorcerer (D)
  A manticore (D)
  A cyclops (D)
  4 elephants (D)
  2 rust devils (D)
  An eye of devastation (D)
  A naga mage (D)
  A smoke demon (D)
  A gargoyle (D)
  A komodo dragon (D)
  3 cane toads (D)
  A rime drake (D)
  2 yaktaurs (D)
  A freezing wraith (D)
  3 efreet (D)
  A guardian mummy (D)
  2 kobold demonologists (D)
  2 ice devils (D)
  A hellwing (D)
  2 jumping spiders (D)
  2 hornets (D)
  3 red devils (D)
  A bog body (D)
  11 dream sheep (D)
  3 blink frogs (D)
  A redback (D)
  A shadow (D)
  4 vampire mosquitoes (D)
  A neqoxec (D)
  A steam dragon (D)
  2 hell hounds (D)
  6 insubstantial wisps (D)
  A water moccasin (D)
  A sky beast (D)
  An eye of draining (D)
  4 wolves (D)
  A big kobold (D)
  A scorpion (D)
  3 wights (D)
  2 killer bees (D)
  An orc priest (D)
  2 jellies (D)
  An orc wizard (D)
  A hound (D)
  2 hell rats (D)
  A worker ant (D)
  A mummy (D)
  2 adders (D)
  2 gnolls (D)
  2 river rats (D)
  An ooze (D)
  An adder skeleton (D)
  A worm (D)
  A leopard gecko (D)
  4 orcs (D)
  2 giant cockroaches (D)
  2 goblins (D)
  A ball python (D)
  A frilled lizard (D)
  A jackal simulacrum (D)
  2 kobolds (D)
  A leopard gecko skeleton (D)
  A rat (D)
186 creatures vanquished.

Vanquished Creatures (others)
  A nagaraja (D)
  A deep elf knight (D)
  3 killer bees (D)
  A wight (D)
6 creatures vanquished.

Grand Total: 192 creatures vanquished

Notes
Turn   | Place    | Note
-------+----------+-------------------------------------------
     0 | D        | olmar the Gargoyle Fighter began the quest for the Orb.
     0 | D        | Reached XP level 1. HP: 14/14 MP: 1/1
    35 | D        | Found a bloodstained altar of Trog.
    35 | D        | Found a shimmering blue altar of Sif Muna.
    35 | D        | Found a viscous altar of Jiyva.
    35 | D        | Found a hazy altar of Hepliaklqana.
    35 | D        | Found an opulent altar of Gozag.
    36 | D        | Found a glowing golden altar of the Shining One.
    36 | D        | Found a glowing silver altar of Zin.
    36 | D        | Found a basalt altar of Yredelemnul.
    36 | D        | Found a shimmering altar of Xom.
    36 | D        | Found an ornate altar of the Wu Jian Council.
    36 | D        | Found a sacrificial altar of Ru.
    36 | D        | Found a stormy altar of Qazlal.
    36 | D        | Found an iron altar of Okawaru.
    36 | D        | Found a sparkling altar of Nemelex Xobeh.
    36 | D        | Found a burning altar of Makhleb.
    36 | D        | Found a blossoming altar of Fedhas.
    36 | D        | Found a white marble altar of Elyvilon.
    36 | D        | Found a shadowy altar of Dithmenos.
    36 | D        | Found a snail-covered altar of Cheibriados.
    37 | D        | Found a radiant altar of Vehumet.
    37 | D        | Found a corrupted altar of Lugonu.
    37 | D        | Found a roughly hewn altar of Beogh.
    38 | D        | Found an ancient bone altar of Kikubaaqudgha.
    38 | D        | Found a hide-covered altar of Uskayaw.
    38 | D        | Found a broken altar of Ashenzari.
    42 | D        | Became a worshipper of Gozag Ym Sagoz the Greedy
    64 | D        | Reached skill level 4 in Shields
    64 | D        | Reached XP level 2. HP: 20/20 MP: 2/2
   197 | D        | Reached XP level 3. HP: 24/24 MP: 3/3
   199 | D        | Reached skill level 5 in Shields
   202 | D        | Reached skill level 5 in Fighting
   202 | D        | Reached skill level 5 in Armour
   313 | D        | Reached XP level 4. HP: 29/31 MP: 4/4
   352 | D        | Noticed a sky beast
   353 | D        | Noticed a water moccasin
   365 | D        | Killed a sky beast
   365 | D        | Reached skill level 5 in Maces & Flails
   365 | D        | Reached skill level 7 in Shields
   365 | D        | Reached XP level 5. HP: 37/37 MP: 5/5
   369 | D        | Killed a water moccasin
   369 | D        | Reached skill level 8 in Shields
   369 | D        | Reached XP level 6. HP: 44/44 MP: 6/6
   410 | D        | Noticed a two-headed ogre
   431 | D        | Killed a two-headed ogre
   431 | D        | Reached skill level 10 in Maces & Flails
   431 | D        | Reached skill level 10 in Shields
   431 | D        | Reached XP level 7. HP: 51/51 MP: 7/7
   431 | D        | Reached XP level 8. HP: 56/56 MP: 8/8
   521 | D        | Noticed a manticore
   545 | D        | Killed a manticore
   546 | D        | Reached skill level 10 in Fighting
   754 | D        | Noticed Gastronok
   754 | D        | Noticed a cyclops
   793 | D        | Killed a cyclops
   793 | D        | Reached skill level 11 in Shields
   793 | D        | Reached XP level 9. HP: 51/63 MP: 9/9
   813 | D        | Killed Gastronok
   813 | D        | Reached skill level 10 in Armour
   813 | D        | Reached skill level 12 in Shields
   813 | D        | Reached XP level 10. HP: 36/71 MP: 10/10
   980 | D        | Noticed a deep elf mage
  1047 | D        | Killed a deep elf mage
  1181 | D        | Bought the ring of Dafejon {AC+4 Str+4 Int+2 Dex+4} for 640
                  | gold pieces
  1181 | D        | Bought the ring of Incredulity {EV+4 Str+6 Int-2 SInv} for
                  | 556 gold pieces
  1193 | D        | Noticed a kobold demonologist
  1193 | D        | Noticed a two-headed ogre
  1194 | D        | Noticed a kobold demonologist
  1195 | D        | Noticed a sixfirhy
  1198 | D        | Killed a two-headed ogre
  1198 | D        | Reached skill level 15 in Maces & Flails
  1216 | D        | Killed a kobold demonologist
  1223 | D        | Killed a kobold demonologist
  1223 | D        | Reached skill level 13 in Shields
  1299 | D        | Bought an uncursed amulet of regeneration for 300 gold
                  | pieces
  1403 | D        | Noticed a gargoyle
  1415 | D        | Killed a gargoyle
  1434 | D        | Noticed a deep elf mage
  1461 | D        | Reached XP level 11. HP: 56/78 MP: 11/11
  1477 | D        | Killed a deep elf mage
  1499 | D        | Reached skill level 14 in Shields
  1623 | D        | Noticed an eidolon
  1623 | D        | Noticed a deep elf mage
  1671 | D        | Killed an eidolon
  1685 | D        | Reached skill level 15 in Shields
  1715 | D        | Noticed a sixfirhy
  1758 | D        | Gained mutation: Scrolls take you a little longer to read.
                  | [a neqoxec]
  1762 | D        | Killed a deep elf mage
  1929 | D        | Noticed Harold
  1929 | D        | Noticed an unseen horror
  1940 | D        | Killed an unseen horror
  1960 | D        | Reached skill level 16 in Shields
  1974 | D        | Killed Harold
  1974 | D        | Reached skill level 15 in Fighting
  1999 | D        | Reached XP level 12. HP: 87/87 MP: 12/12
  2113 | D        | Got Usiufim's Papyrus of Poison
  2218 | D        | Noticed a vampire knight
  2240 | D        | Killed a vampire knight
  2240 | D        | Reached skill level 17 in Shields
  2397 | D        | Bought the +14 plate armour of the Hot Ocelot {rC+} for
                  | 1678 gold pieces
  2447 | D        | Noticed a storm dragon
  2449 | D        | Noticed a death yak
  2458 | D        | Noticed Nessos
  2475 | D        | Killed a storm dragon
  2475 | D        | Reached skill level 18 in Shields
  2491 | D        | Killed Nessos
  2513 | D        | Killed a death yak
  2527 | D        | Reached skill level 19 in Shields
  2543 | D        | Reached XP level 13. HP: 56/95 MP: 13/13
  2741 | D        | Noticed a frost giant
  2741 | D        | Noticed a green death
  2741 | D        | Noticed a yellow draconian
  2748 | D        | Reached skill level 20 in Shields
  2757 | D        | Killed a green death
  2788 | D        | Killed a frost giant
  2795 | D        | Killed a yellow draconian
  2863 | D        | Bought a scroll of identify for 34 gold pieces
  2863 | D        | Bought a phial of floods for 680 gold pieces
  2872 | D        | Noticed Tistaj the pandemonium lord
  2883 | D        | Noticed a quicksilver dragon
  2902 | D        | Noticed an ice dragon
  2909 | D        | Noticed a storm dragon
  2916 | D        | Noticed a golden dragon
  2931 | D        | Killed Tistaj the pandemonium lord
  2931 | D        | Reached skill level 15 in Armour
  2931 | D        | Reached skill level 21 in Shields
  3288 | D        | Noticed an emperor scorpion
  3332 | D        | Killed an emperor scorpion
  3335 | D        | Reached skill level 22 in Shields
  3375 | D        | Noticed a nagaraja
  3397 | D        | Killed a nagaraja
  3397 | D        | Gained mutation: Your large and strong wings let you fly
                  | indefinitely. [Gargoyle growth]
  3397 | D        | Reached XP level 14. HP: 94/104 MP: 0/14
  3412 | D        | Noticed an orc warlord
  3583 | D        | Noticed an orc warlord
  3613 | D        | Killed an orc warlord
  3779 | D        | Reached skill level 23 in Shields
  3827 | D        | Killed an orc warlord
  3940 | D        | Noticed a deep elf blademaster
  3972 | D        | Killed a deep elf blademaster
  4002 | D        | Reached skill level 24 in Shields
  4127 | D        | Got the +1 pair of gloves of the Lost Path {Rampage rPois}
  4187 | D        | Noticed a black draconian
  4219 | D        | Killed a black draconian
  4335 | D        | Noticed a deep elf sorcerer
  4335 | D        | Noticed a white draconian
  4350 | D        | Killed a deep elf sorcerer
  4355 | D        | Paralysed by an ogre mage for 7 turns
  4386 | D        | Killed a white draconian
  4389 | D        | Noticed a white draconian
  4565 | D        | Paralysed by a great orb of eyes for 7 turns
  4579 | D        | Reached skill level 25 in Shields
  4673 | D        | Bought a runed scarf for 168 gold pieces
  4673 | D        | Bought a potion of haste for 210 gold pieces
  4675 | D        | Bought a potion of heal wounds for 105 gold pieces
  4693 | D        | Noticed a white draconian
  4706 | D        | Killed a white draconian
  4706 | D        | Reached XP level 15. HP: 113/113 MP: 15/15
  4711 | D        | Noticed a sphinx
  4719 | D        | Killed a sphinx
  4795 | D        | Noticed a Brimstone Fiend
  4819 | D        | Killed a Brimstone Fiend
  4870 | D        | Noticed a sphinx
  4890 | D        | Killed a sphinx
  4890 | D        | Reached skill level 26 in Shields
  4892 | D        | Noticed a lich
  4895 | D        | Noticed a nagaraja
  4911 | D        | Killed a lich
  4916 | D        | Killed a nagaraja
  4917 | D        | Killed from afar by a deep elf annihilator

Illustrated notes

Levels and vault maps discovered:
D:        pitsprint [storerooms_1, entrance_room_1, metal_vault_4, armoury_1,
          mini_pit_1, grid_room_1, main_hall_1, silver_pit, the_coven_2,
          the_vestibule_1, steel_vault_2, golden_pit, hallway_of_sentries,
          crystal_vault_1, iron_vault_4, final_vault]

Skill      XL: |  1  2  3  4  5  6  7  8  9 10 11 12 13 14 15 |
---------------+----------------------------------------------+-----
Fighting       | 4 5 6 7 9 10 11 13 15 16 18 20 21 | 21.4
Armour         | 4 5 6 7 8 9 10 11 13 14 15 17 18 | 18.3
Shields        | 4 5 7 8 10 11 12 13 16 19 22 25 26 | 26.4
Maces & Flails | 4 5 7 10 12 14 15 16 17 19 20 | 20.7
Evocations     | |  0.1

Action                   |  1- 3 |  4- 6 |  7- 9 | 10-12 | 13-15 || total
-------------------------+-------+-------+-------+-------+-------++-------
Melee: Mace              |    26 |       |       |       |       ||    26
       Flail             |     3 |    32 |    60 |   443 |   383 ||   921
       Morningstar       |       |       |       |       |    92 ||    92
       Demon whip        |       |       |       |       |   157 ||   157
Invok: Call Merchant     |       |       |       |     3 |     4 ||     7
       Potion Petition   |       |       |       |       |     3 ||     3
Evoke: Tin of tremorston |       |       |       |       |    23 ||    23
       Phial of floods   |       |       |       |       |     5 ||     5
  Use: Potion            |     1 |     3 |     3 |     5 |    15 ||    27
       Scroll            |       |       |       |       |     3 ||     3
 Stab: Distracted        |       |     1 |       |     3 |     3 ||     7
       Invisible         |       |       |     2 |       |       ||     2
Armor: Scale mail        |    10 |       |       |       |       ||    10
       Plate armour      |     1 |    15 |    33 |   190 |   321 ||   560
Dodge: Dodged            |     2 |     3 |    14 |   147 |   171 ||   337
Block: Kite shield       |    14 |    13 |    32 |   325 |   441 ||   825

Table legend: (Time is in decaauts)
 A = Elapsed time spent in this place.
 B = Non-inter-level travel time spent in this place.
 C = Inter-level travel time spent in this place.
 D = Time resting spent in this place.
 E = Time spent auto-exploring this place.
 F = Levels seen in this place.
 G = Mean time per level.
                   A        B        C        D        E       F      G
               +--------+--------+--------+--------+--------+-----+--------+
         Total |   4589 |   4544 |     45 |   1636 |    311 |   1 | 4589.0 |
       Dungeon |   4589 |   4544 |     45 |   1636 |    311 |   1 | 4589.0 |
               +--------+--------+--------+--------+--------+-----+--------+

Top non-repeatable levels by time:
       D: 4589 daAuts
